 Dungeon Crawl Stone Soup version 0.28.0-49-g6dfe1f597d (webtiles) character file.

Game seed: 161415809045408675

215 pkoi the Chiller (level 5, -6/38 HPs)
             Began as a Demigod Ice Elementalist on May 12, 2022.
             Mangled by Blork the orc
             ... wielding a +0 glaive
              (9 damage)
             ... on level 4 of the Dungeon.
             The game lasted 00:05:09 (4094 turns).

pkoi the Chiller (Demigod Ice Elementalist)         Turns: 4094, Time: 00:05:09

Health: -6/38      AC:  5    Str:  9    XL:     5   Next: 34%
Magic:  6/11       EV: 12    Int: 21    God:
Gold:   69         SH:  0    Dex: 14    Spells: 4/9 levels left

rFire   . . .      SeeInvis .   s - +0 trident
rCold   . . .      Faith    .   (no shield)
rNeg    . . .      Spirit   .   a - +0 robe
rPois   .          Reflect  .   g - +0 helmet
rElec   .          Harm     .   e - +0 cloak
rCorr   .          Rampage  .   (no gloves)
Will    .....                   o - +0 pair of boots
Stlth   ++........              (no amulet)
HPRegen 0.12/turn               (no ring)
MPRegen 0.12/turn               (no ring)

@: freezing walls, very slightly contaminated
A: high MP 1, forlorn, divine attributes
a: no special abilities


You were on level 4 of the Dungeon.
You visited 1 branch of the dungeon, and saw 4 of its levels.

You collected 69 gold pieces.

Inventory:

Hand Weapons
 b - a +0 club
 i - a +0 dagger
 p - a +0 vorpal hand axe
 s - a +0 trident (weapon)
Missiles
 j - 2 poisoned darts
 m - 43 sling bullets
 u - 2 javelins
Armour
 a - a +0 robe (worn)
 e - a +0 cloak (worn)
 g - a +0 helmet (worn)
 o - a +0 pair of boots (worn)
Wands
 r - a wand of iceblast (10)
Scrolls
 h - 2 scrolls of teleportation {unknown}
 k - 3 scrolls of identify {unknown}
 l - a scroll of silence {unknown}
 n - 3 scrolls of blinking {unknown}
 v - a scroll of immolation {unknown}
Potions
 c - a potion of invisibility {unknown}
 d - a potion of heal wounds {unknown}
 f - 3 potions of curing
 q - a potion of might {unknown}
 t - 2 potions of attraction {unknown}


   Skills:
 - Level 1.7 Dodging
 - Level 1.7 Stealth
 + Level 2.6 Spellcasting
 + Level 1.9 Translocations
 + Level 5.4 Ice Magic


You had 4 spell levels left.
You knew the following spells:

 Your Spells              Type           Power      Damage    Failure   Level
a - Freeze                Ice            100%       1d11      1%          1
b - Frozen Ramparts       Ice            50%        1d7       4%          3
c - Apportation           Tloc           20%        N/A       6%          1

Your spell library contained the following spells:

 Spells                   Type           Power      Damage    Failure   Level
 Ozocubu's Armour         Ice            25%        N/A       4%          3
 Corpse Rot               Necr/Air       4%         N/A       22%         2
 Poisonous Vapours        Pois/Air       4%         N/A       22%         2
 Hailstorm                Conj/Ice       14%        3d5       41%         4
 Alistair's Intoxication  Tmut/Pois      1%         N/A       98%         5


Dungeon Overview and Level Annotations

Branches:
Dungeon (4/15)
 Temple: D:4-7

Annotations:
D:4 Blork the orc


Innate Abilities, Weirdness & Mutations

You have an increased reservoir of magic. (+10% MP)
You shall have no god before yourself.
Your divine heritage dramatically boosts your attributes as you level up.


Message History

The wall freezes the hound skeleton but does no damage.
The hound skeleton barely misses you.
The hound skeleton resists.
The wall freezes the hound skeleton.
The wall freezes Blork the orc.
Blork the orc hits you from afar with a +0 glaive.
* * * LOW HITPOINT WARNING * * *
The hound skeleton completely resists.
The wall freezes the hound skeleton but does no damage.
The hound skeleton closely misses you.
Unknown command.
Reach: s) +0 trident
Press: ? - help, Dir - move target, f/p - Blork the orc
Aim: Blork the orc, wielding a +0 glaive and wearing a +0 robe (severely wounded, fast, about 40% to evade your +0 trident)
You reach to attack!
You hit Blork the orc but do no damage.
Blork the orc is severely wounded.
The hound skeleton completely resists.
The wall freezes the hound skeleton but does no damage.
The wall freezes Blork the orc.
Blork the orc misses you.
The hound skeleton completely resists.
The wall freezes the hound skeleton but does no damage.
The hound skeleton bites you but does no damage.
The hound skeleton resists.
The wall freezes the hound skeleton.
The wall freezes Blork the orc.
Blork the orc closely misses you.
Unknown command.
Reach: s) +0 trident
Press: ? - help, Dir - move target, f/p - Blork the orc
Aim: Blork the orc, wielding a +0 glaive and wearing a +0 robe (severely wounded, fast, about 40% to evade your +0 trident)
You reach to attack!
You hit Blork the orc.
Blork the orc is severely wounded.
The hound skeleton completely resists.
The wall freezes the hound skeleton but does no damage.
The hound skeleton bites you.
* * * LOW HITPOINT WARNING * * *
The wall freezes Blork the orc.
Blork the orc hits you from afar with a +0 glaive.
* * * LOW HITPOINT WARNING * * *
The hound skeleton completely resists.
The wall freezes the hound skeleton but does no damage.
The wall freezes Blork the orc.
Blork the orc hits you from afar with a +0 glaive!
You die...

.....#.#.###.#...#
.#####.#.....#...#
.# #.#######.###
.# #.#.........#
.# #.#.#####.#.#
.# #.# #.#.# .#
#.# #.#.# .# #.#
#.#.# .# #.# #.#@#
.# #.# ..#Z# .#
#.# ..#o# # .# #.#
#Z# .# .# #.#
#.######.# .# #.#
#........# .# #.#
#........# .#
###.#######
#...Z....# .#
#.........#
#........# .


You could see Blork the orc (fast) and 2 hound skeletons.

Vanquished Creatures
  An ogre (D:4)
  An iguana (D:4)
  4 adders
  An ufetubus (D:4)
  2 worms (D:3)
  A dart slug (D:3)
  4 orcs (D:4)
  5 ball pythons
  4 bats
  5 endoplasms
  A giant cockroach (D:3)
  5 goblins
  6 hobgoblins
  5 kobolds
  A quokka (D:2)
  2 frilled lizards
  4 rats
  A spectral orc (D:3)
53 creatures vanquished.

Notes
Turn   | Place    | Note
-------+----------+-------------------------------------------
     0 | D:1      | pkoi the Demigod Ice Elementalist began the quest for the
                  | Orb.
     0 | D:1      | Reached XP level 1. HP: 14/14 MP: 5/5
   250 | D:1      | Reached skill level 4 in Ice Magic
   297 | D:1      | Reached XP level 2. HP: 9/20 MP: 0/7
  1777 | D:2      | Reached XP level 3. HP: 26/26 MP: 4/8
  1985 | D:2      | Learned a level 3 spell: Frozen Ramparts
  2047 | D:2      | Reached skill level 5 in Ice Magic
  2094 | D:2      | Learned a level 1 spell: Apportation
  3356 | D:3      | Reached XP level 4. HP: 33/33 MP: 5/9
  3909 | D:4      | Noticed an ogre
  3918 | D:4      | Killed an ogre
  3919 | D:4      | Reached skill level 1 in Translocations
  3919 | D:4      | Reached XP level 5. HP: 30/38 MP: 5/11
  4065 | D:4      | Noticed Blork the orc
  4094 | D:4      | Mangled by Blork the orc

Illustrated notes

Levels and vault maps discovered:
D:1:      dpeg_arrival_simpleton_b, layout_basic, ebering_ecumenical_altar_box,
          minmay_misc_feat_five
D:2:      layout_basic, basic_altar
D:3:      layout_basic, yredelemnul_forgotten_temple_becter,
          mainiacjoe_overflow_surrounded_room, nzn_wu_jian_council_hall
D:4:      layout_basic, nicolae_overflow_hallway_of_the_gods,
          minmay_misc_feat_rows, minivault_4, grunt_decor_arrowhead,
          kennysheep_orc_chapel, uniq_blork_the_orc, uniq_pikel

Skill      XL: |  1  2  3  4 |
---------------+-------------+-----
Ice Magic      | 4 5 |  5.4
Spellcasting   | 2 |  2.6
Translocations | 1 |  1.9
Dodging        | |  1.7
Stealth        | |  1.7

Action                   |  1- 3 |  4- 6 || total
-------------------------+-------+-------++-------
Melee: Club              |     3 |       ||     3
       Dagger            |     2 |       ||     2
       Hand axe          |     7 |     2 ||     9
       Punch             |     1 |       ||     1
       Trident           |       |    15 ||    15
 Cast: Freeze            |    68 |     2 ||    70
       Frozen Ramparts   |     3 |     7 ||    10
 Stab: Sleeping          |     1 |       ||     1
Armor: Robe              |    19 |     8 ||    27
Dodge: Dodged            |    30 |    23 ||    53
